 Dungeon Crawl Stone Soup version 0.30-a0-728-gc68057be0a (webtiles) character file.

Game seed: 8574857865325721944

4265 Darkkill the Skirmisher (level 10, -1/91 HPs)
             Began as a Minotaur Hunter on Jan 30, 2023.
             Slain by a yak (13 damage)
             ... on level 9 of the Dungeon.
             The game lasted 00:10:29 (6862 turns).

Darkkill the Skirmisher (Minotaur Hunter)           Turns: 6862, Time: 00:10:30

Health: -1/91      AC: 12    Str: 19    XL:     10   Next: 10%
Magic:  9/9        EV: 19    Int:  9    God:
Gold:   325        SH:  0    Dex: 30    Spells: 9/9 levels left

rFire   . . .      SeeInvis .    n - +3 arbalest (chaos)
rCold   + . .      Faith    .    (shield currently unavailable)
rNeg    . . .      Spirit   .    e - +2 ring mail of a Gauntlet {Int+3 Slay+3}
rPois   .          Reflect  .    (helmet restricted)
rElec   .          Harm     .    d - +2 cloak
rCorr   .          Rampage  .    h - +0 pair of gloves
Will    .....                    A - +0 pair of boots
Stlth   +                        (no amulet)
HPRegen 0.35/turn                i - +6 ring of dexterity
MPRegen 0.11/turn                m - ring "Gauric" {rC+ Str+3 Dex+6}

@: confused, ambrosia-drunk
A: horns 2, retaliatory headbutt
a: no special abilities


You were on level 9 of the Dungeon.
You visited 2 branches of the dungeon, and saw 10 of its levels.

You collected 497 gold pieces.
You spent 172 gold pieces at shops.

Inventory:

Hand Weapons
 n - a +3 arbalest of chaos (weapon)
Missiles
 c - 2 throwing nets {=f !f}
 f - 31 stones
 p - 8 boomerangs
 q - 5 poisoned darts
Armour
 d - a +2 cloak (worn)
 e - the +2 ring mail of a Gauntlet (worn) {Int+3 Slay+3}
   (You found it on level 5 of the Dungeon)

   Int:       It affects your intelligence (+3).
   Slay:      It affects your accuracy & damage with ranged weapons and melee
   (+3).
 h - a +0 pair of gloves (worn)
 A - a +0 pair of boots (worn)
Jewellery
 i - a +6 ring of dexterity (left hand)
 m - the ring "Gauric" (right hand) {rC+ Str+3 Dex+6}
   (You found it on level 4 of the Dungeon)

   [ring of protection from cold]

   Str:       It affects your strength (+3).
   Dex:       It affects your dexterity (+6).
   rC:        It protects you from cold.
Wands
 x - a wand of charming (2)
Scrolls
 b - 4 scrolls of immolation
 o - 3 scrolls of amnesia
Potions
 a - 2 potions of attraction
 g - a potion of brilliance
 j - a potion of haste
 k - 4 potions of cancellation
 l - a potion of mutation
 u - 2 potions of lignification
 w - a potion of flight {unknown}


   Skills:
 + Level 9.1 Fighting
 + Level 9.2 Ranged Weapons
 + Level 8.4 Dodging
 + Level 6.6 Stealth


You had 9 spell levels left.
You didn't know any spells.
Your spell library contained the following spells:

 Spells                   Type           Power      Damage    Failure   Level
 Apportation              Tloc           0%         N/A       56%         1
 Shock                    Conj/Air       0%         1d3       56%         1
 Cigotuvi's Dreadful Rot  Necr/Pois/Air  0%         N/A       71%         2
 Call Canine Familiar     Summ           0%         N/A       91%         3
 Ignite Poison            Fire/Tmut/Pois 0%         N/A       91%         3
 Portal Projectile        Hex/Tloc       0%         N/A       91%         3
 Swiftness                Air            0%         N/A       91%         3
 Airstrike                Air            0%         2d(0-16)  100%        4
 Dispel Undead            Necr           0%         3d6       100%        4
 Leda's Liquefaction      Hex/Erth       0%         N/A       100%        4
 Petrify                  Tmut/Erth      0%         N/A       100%        4
 Sticky Flame             Conj/Fire      0%         2d3       100%        4
 Alistair's Intoxication  Tmut/Pois      0%         N/A       100%        5
 Metabolic Englaciation   Hex/Ice        0%         N/A       100%        5
 Death Channel            Necr           0%         N/A       100%        6
 Statue Form              Tmut/Erth      0%         N/A       100%        6
 Ignition                 Fire           0%         3d3       100%        8


Dungeon Overview and Level Annotations

Branches:
Dungeon (9/15)             Temple (1/1) D:5             Orc (0/2) D:9
   Lair: D:8-11

Altars:
Ashenzari
Cheibriados
Dithmenos
Fedhas
Hepliaklqana
Kikubaaqudgha
Makhleb
Nemelex Xobeh
Okawaru
Qazlal
Ru
Sif Muna
Trog
Uskayaw
Vehumet
Wu Jian
Xom
Yredelemnul
Zin
The Shining One

Shops:
D:2 !   D:5 *(*   D:6 (

Annotations:
D:5 2 transporters, screamidelica's ghost, novice MiBe


Innate Abilities, Weirdness & Mutations

You have a pair of horns on your head.
You reflexively headbutt those who attack you in melee.


Message History

The troll zombie bites your ogre zombie!
The troll zombie claws your ogre zombie.
The troll zombie claws your ogre zombie!
Your ogre zombie is destroyed!
The yak gores your yak! The yak gores you!
* * * LOW HITPOINT WARNING * * *
Your yak gores the orc zombie.
The orc zombie is destroyed!
Aiming: Charm
Press: ? - help, Q - select action, (/) - cycle Shift-Dir - straight line, p - troll zombie The yak resists with some effort.
The orc closely misses you. You furiously retaliate!
You headbutt the orc!
You kill the orc!
The gnoll hits you with a +0 hand axe.
* * * LOW HITPOINT WARNING * * *
The yak misses you. You furiously retaliate!
You headbutt the yak. The yak barely misses your yak.
The orc hits you with a +0 hand axe.
* * * LOW HITPOINT WARNING * * *
The orc hits your yak with a +0 hand axe.
Your yak gores the yak!
You are confused.
You feel invigorated.
The orc warrior hits you but does no damage.
The gnoll completely misses you. The yak misses you.
Your yak barely misses the yak.
The yak barely misses your yak.
Are you sure you want to stumble around while confused and next to your yak?
You clumsily bash the yak but do no damage.
Your headbutt misses the yak.
The yak is almost dead.
The orc warrior closely misses you. The gnoll hits you with a +0 hand axe.
* * * LOW HITPOINT WARNING * * *
Your yak gores the yak!
The yak dies!
The yak gores you but does no damage. The orc warrior barely misses you.
The gnoll hits you but does no damage.
Your yak barely misses the yak.
The orc misses you. The orc barely misses your yak. The yak gores you!
* * * LOW HITPOINT WARNING * * *
Are you sure you want to stumble around while confused and next to your yak?
You clumsily bash the gnoll but do no damage.
The orc warrior closely misses you. The gnoll completely misses you.
The hobgoblin zombie barely misses your yak.
The orc wizard completely misses you. The orc hits you but does no damage.
The orc hits your yak with a +0 hand axe.
The yak gores you but does no damage.
Your yak closely misses the orc.
You are more confused.
You feel more invigorated. The orc warrior closely misses you.
The gnoll hits you but does no damage. The orc zombie closely misses you.
The shadow barely misses you.
The orc wizard curses repeatedly.
The orc wizard closely misses you.
Your yak misses the orc. The orc misses you.
The orc hits your yak with a +0 hand axe.
The yak gores you.
* * * LOW HITPOINT WARNING * * *
The hobgoblin zombie hits your yak.
Non-targeted confused fire: n) +3 arbalest (chaos)
Press: ? - help, Q - select action, (/) - cycle Dir - look around, f - activate You shoot a bolt.
The bolt misses the orc.
The bolt hits the hobgoblin zombie!!
You destroy the hobgoblin zombie!
The orc warrior barely misses you. The gnoll hits you with a +0 hand axe.
* * * LOW HITPOINT WARNING * * *
Your yak closely misses the orc.
The orc hits you but does no damage.
The orc hits your yak but does no damage.
The orc wizard gestures at you while chanting.
The magic dart hits you but does no damage.
The shadow hits you.
* * * LOW HITPOINT WARNING * * *
The yak completely misses you. The orc zombie misses you.
The orc warrior hits you from afar with a +0 trident.
* * * LOW HITPOINT WARNING * * *
The gnoll barely misses you. The shadow misses you. The yak closely misses you.
The orc wizard closely misses you.
Your yak completely misses the orc.
The orc closely misses you. The orc closely misses your yak.
Non-targeted confused fire: n) +3 arbalest (chaos)
Press: ? - help, Q - select action, (/) - cycle Dir - look around, f - activate You shoot a bolt.
The bolt hits your yak!!
You kill your yak!
The orc zombie hits you but does no damage.
The orc warrior closely misses you. The gnoll completely misses you.
The orc wizard barely misses you. The orc barely misses you.
The yak barely misses you. The shadow barely misses you.
The orc zombie hits you but does no damage.
Non-targeted confused fire: n) +3 arbalest (chaos)
Press: ? - help, Q - select action, (/) - cycle Dir - look around, f - activate You shoot a bolt.
The bolt barely misses the orc zombie.
The bolt closely misses the orc warrior.
The orc warrior hits you from afar with a +0 trident.
* * * LOW HITPOINT WARNING * * *
The gnoll barely misses you. The orc wizard misses you.
The orc completely misses you. The yak gores you.
* * * LOW HITPOINT WARNING * * *
The shadow slips into darkness.
The shadow flickers and vanishes!
Deactivating autopickup; reactivate with Ctrl-A.
The troll zombie barely misses you. The troll zombie claws you.
* * * LOW HITPOINT WARNING * * *
The troll zombie misses you.
The orc warrior hits you from afar with a +0 trident.
* * * LOW HITPOINT WARNING * * *
The orc zombie misses you. The gnoll closely misses you. The yak gores you!
You die...

~~~~~~..).....(..#
..####............
#####.....#####
#..?...8......#
#.............#
#.............#.
#.o....$o........
...8....gZo....8..
##......o@Z.......
##.....{Y......#.
#.............#
#......8......#
#####..|..#####
###.... ######


You could see a yak, an orc warrior, an orc priest (wandering), an orc wizard, a
gnoll, an orc, an orc zombie and a troll zombie.

Vanquished Creatures
  Maggie (D:7)
  Sigmund (D:6)
  8 yaks
  A two-headed ogre zombie (D:9)
  4 water moccasins
  2 orc warriors
  An ice beast (D:7)
  A centaur (D:8)
  A gnoll sergeant (D:8)
  A bullfrog (D:7)
  2 necrophages
  6 scorpions
  4 wights (D:8)
  A howler monkey (D:9)
  A crimson imp (D:6)
  5 jellies
  2 hounds
  A gnoll bouda (D:7)
  4 iguanas
  2 orc wizards (D:8)
  4 ogre zombies (D:9)
  12 gnolls
  5 adders
  A shadow imp (D:8)
  4 worms
  4 dart slugs
  29 orcs
  3 ball pythons
  7 bats
  6 endoplasms
  18 giant cockroaches
  6 goblins
  15 hobgoblins
  4 jackals (D:4)
  5 quokkas
  A frilled lizard (D:2)
  A goblin skeleton (D:9)
  A goblin zombie (D:6)
  A hobgoblin skeleton (D:9)
  2 hobgoblin zombies
  3 kobolds
  3 kobold zombies (D:6)
  4 orc skeletons
  14 orc zombies
  4 rats
206 creatures vanquished.

Vanquished Creatures (collateral kills)
  A yak (D:9)
  2 orc zombies (D:9)
3 creatures vanquished.

Vanquished Creatures (others)
  An ogre zombie (D:9)
  An orc zombie (D:9)
  5 plants (D:5)
7 creatures vanquished.

Grand Total: 216 creatures vanquished

Notes
Turn   | Place    | Note
-------+----------+-------------------------------------------
     0 | D:1      | Darkkill the Minotaur Hunter began the quest for the Orb.
     0 | D:1      | Reached XP level 1. HP: 18/18 MP: 0/0
   113 | D:1      | Reached skill level 1 in Stealth
   118 | D:1      | Reached XP level 2. HP: 11/25 MP: 1/1
   437 | D:1      | Reached XP level 3. HP: 31/31 MP: 2/2
   595 | D:1      | Found a faded altar of an unknown god.
   897 | D:2      | Found Idahukk's Distillery.
  1053 | D:2      | Reached XP level 4. HP: 38/38 MP: 3/3
  1083 | D:2      | Reached skill level 5 in Ranged Weapons
  2182 | D:4      | Found a hide-covered altar of Uskayaw.
  2223 | D:4      | Identified the ring "Gauric" {rC+ Str+3 Dex+6}
  2315 | D:4      | Reached XP level 5. HP: 46/46 MP: 4/4
  2447 | D:4      | Reached XP level 6. HP: 51/52 MP: 5/5
  2763 | D:5      | Entered Level 5 of the Dungeon
  2802 | D:5      | Found Nughess's Assorted Antiques.
  2833 | D:5      | Noticed a yak
  2834 | D:5      | Noticed a yak
  2834 | D:5      | Noticed a yak
  2836 | D:5      | Noticed a yak
  2838 | D:5      | Noticed a yak
  2842 | D:5      | Found Zoub Bel's Assorted Antiques.
  2870 | D:5      | Bought a runed arbalest for 172 gold pieces
  2906 | D:5      | Killed a yak
  2906 | D:5      | Noticed screamidelica's ghost (novice MiBe)
  2907 | D:5      | Killed a yak
  2908 | D:5      | Reached skill level 5 in Fighting
  2908 | D:5      | Reached XP level 7. HP: 61/61 MP: 6/6
  2908 | D:5      | Noticed a hornet
  2910 | D:5      | Killed a yak
  2912 | D:5      | HP: 10/61 [yak (10)]
  2916 | D:5      | Found a staircase to the Ecumenical Temple.
  3094 | D:5      | Reached skill level 5 in Dodging
  3106 | Temple   | Entered the Ecumenical Temple
  3221 | D:5      | Found Zaelavy's Weapon Boutique.
  3225 | D:5      | Identified the +2 ring mail of a Gauntlet {Int+3 Slay+3}
  3468 | D:5      | Reached XP level 8. HP: 70/70 MP: 7/7
  3637 | D:5      | Found a transporter.
  3642 | D:5      | Found a transporter.
  3651 | D:5      | Found a blossoming altar of Fedhas.
  4458 | D:6      | Noticed Sigmund
  4462 | D:6      | Killed Sigmund
  4516 | D:6      | Found Jeaticak's Antique Weapon Shop.
  4566 | D:6      | Reached skill level 5 in Stealth
  4672 | D:6      | Found a glowing golden altar of the Shining One.
  5002 | D:7      | Reached XP level 9. HP: 78/79 MP: 8/8
  5006 | D:7      | Noticed Maggie
  5009 | D:7      | Killed Maggie
  5334 | D:7      | Found a radiant altar of Vehumet.
  5459 | D:7      | Found a glowing silver altar of Zin.
  5821 | D:8      | Found a shimmering altar of Xom.
  6330 | D:8      | Found an ornate altar of the Wu Jian Council.
  6439 | D:8      | Found a snail-covered altar of Cheibriados.
  6452 | D:8      | Found a shimmering blue altar of Sif Muna.
  6767 | D:9      | HP: 14/82 [ogre zombie (12)]
  6773 | D:9      | Found a staircase to the Orcish Mines.
  6779 | D:9      | Reached XP level 10. HP: 51/91 MP: 9/9
  6807 | D:9      | Found a sparkling altar of Nemelex Xobeh.
  6855 | D:9      | HP: 15/91 [orc/+0 hand axe (4)]
  6860 | D:9      | HP: 18/91 [orc warrior/+0 trident (6)]
  6862 | D:9      | Slain by a yak

Illustrated notes

Levels and vault maps discovered:
D:1:      sevenhm_arrival_forest_fort_large_2, layout_basic,
          chequers_ecumenical_altar_simple_redux
D:2:      minmay_roachtagon, layout_basic, serial_shops, shop_statue
D:3:      layout_loops_corners
D:4:      layout_basic, mainiacjoe_overflow_chevrons
D:5:      layout_layer_cave, mainiacjoe_overflow_brackets,
          minmay_temple_entry_ruins, serial_shops,
          nicolae_shop_overgrown_old_shop, nicolae_shop_statue_plus,
          nicolae_shop_overgrown_old_shop, gammafunk_ghost_hive
D:6:      layout_basic, nicolae_tso_besieged_by_evil, serial_shops, shop,
          uniq_sigmund
D:7:      layout_loops_ring, zin_scriptorium, kennysheep_mini, uniq_maggie
D:8:      layout_basic, nicolae_sif_muna_condensation,
          mainiacjoe_overflow_concentric_impassable,
          nicolae_wu_jian_wuxing_cycle, kennysheep_slug_shrine
D:9:      layout_rooms, elyvilon_altar_4, mainiacjoe_overflow_catwalk,
          general_overflow_altar, zombieorc2_lemuel,
          lightli_bailey_entry_fortress, minmay_misc_feat_encased
Temple:   chequers_temple_sunken

Skill      XL: |  1  2  3  4  5  6  7  8  9 |
---------------+----------------------------+-----
Stealth        | 1 2 3 4 5 6 |  6.6
Fighting       | 3 4 5 7 9 |  9.1
Dodging        | 3 4 5 6 8 |  8.4
Ranged Weapons | 5 6 7 9 |  9.2

Action                     |  1- 3 |  4- 6 |  7- 9 | 10-12 || total
---------------------------+-------+-------+-------+-------++-------
  Melee: Arbalest          |       |       |     4 |     2 ||     6
         Headbutt          |       |       |     1 |       ||     1
   Fire: Shortbow          |    87 |   138 |       |       ||   225
         Arbalest          |       |     3 |   167 |    17 ||   187
  Evoke: Wand              |       |       |       |     6 ||     6
    Use: Scroll            |     2 |    13 |    11 |     2 ||    28
         Potion            |       |       |     6 |     2 ||     8
 Armour: Leather armour    |     6 |    24 |     2 |       ||    32
         Ring mail         |       |       |    47 |    19 ||    66
  Dodge: Dodged            |    21 |    44 |   176 |    78 ||   319

Table legend: (Time is in decaauts)
 A = Elapsed time spent in this place.
 B = Non-inter-level travel time spent in this place.
 C = Inter-level travel time spent in this place.
 D = Time resting spent in this place.
 E = Time spent auto-exploring this place.
 F = Levels seen in this place.
 G = Mean time per level.
                   A        B        C        D        E       F      G
               +--------+--------+--------+--------+--------+-----+--------+
         Total |   7084 |   6832 |    252 |    175 |   5314 |  10 |  708.4 |
       Dungeon |   7007 |   6755 |    252 |    175 |   5314 |   9 |  778.6 |
        Temple |     77 |     77 |      0 |      0 |      0 |   1 |   77.0 |
               +--------+--------+--------+--------+--------+-----+--------+

Top non-repeatable levels by time:
     D:5: 1587 daAuts
     D:8: 1079 daAuts
     D:3: 865 daAuts
     D:1: 838 daAuts
     D:7: 727 daAuts
     D:6: 650 daAuts
     D:4: 607 daAuts
     D:2: 514 daAuts
     D:9: 138 daAuts
  Temple: 77 daAuts

Table legend:
 A = Kills in this place as a percentage of kills in entire the game.
 B = Kills by you in this place as a percentage of kills by you in the entire game.
 C = Kills by friends in this place as a percentage of kills by friends in the entire game.
 D = Other kills in this place as a percentage of other kills in the entire game.
 E = Experience gained in this place as a percentage of experience gained in the entire game.
 F = Experience gained in this place divided by the number of levels of this place that you have seen.
                   A       B       C       D       E      F
               +-------+-------+-------+-------+-------+----------------------
         Total | 100.0 | 100.0 | 100.0 | 100.0 | 100.0 | 609.3
       Dungeon | 100.0 | 100.0 | 100.0 | 100.0 | 100.0 | 677.0
               +-------+-------+-------+-------+-------+----------------------
